 Dungeon Crawl Stone Soup version 0.21.1-1-g345015f (webtiles) character file.

117 sking99 the Magician (level 5, -3/37 HPs)
             Began as a Gnoll Wizard on June 27, 2018.
             Was a Believer of Dithmenos.
             Slain by a gnoll
             ... wielding a +0 spear
              (4 damage)
             ... on level 4 of the Dungeon.
             The game lasted 00:06:13 (3058 turns).

sking99 the Magician (Gnoll Wizard)                 Turns: 3058, Time: 00:06:14

Health: -3/37      AC:  2    Str:  9    XL:     5   Next: 1%
Magic:  6/14       EV: 14    Int: 21    God:    Dithmenos [**....]
Gold:   167        SH:  0    Dex: 14    Spells: 13/18 levels left

rFire    . . .     SeeInvis .   h - +0 dagger
rCold    . . .     Gourm    .   (no shield)
rNeg     . . .     Faith    .   a - +0 robe
rPois    .         Spirit   .   b - +0 hat
rElec    .         Reflect  .   (no cloak)
rCorr    .         Harm     .   (no gloves)
MR       .....                  (no boots)
Stlth    +.........             (no amulet)
HPRegen  0.12/turn              (no ring)
MPRegen  0.14/turn              (no ring)

@: very slightly contaminated, glowing
A: distributed training, fangs 1, strong nose
a: Shadow Step, Renounce Religion


You were on level 4 of the Dungeon.
You worshipped Dithmenos.
Dithmenos was pleased with you.
You were not hungry.

You visited 1 branch of the dungeon, and saw 4 of its levels.

You collected 167 gold pieces.

Inventory:

Hand Weapons
 f - a +0 whip
 h - a +0 dagger (weapon)
Armour
 a - a +0 robe (worn)
 b - a +0 hat (worn)
 u - +0 storm dragon scales
Magical Staves
 y - an uncursed staff of death
Jewellery
 w - a +3 ring of intelligence {unknown}
 x - an uncursed amulet of the gourmand {unknown}
Scrolls
 i - 7 scrolls of identify {unknown}
 j - a scroll of magic mapping {unknown}
 k - 4 scrolls of teleportation {unknown}
 l - 2 scrolls of enchant armour {unknown}
 s - 2 scrolls of fog {unknown}
 v - a scroll of remove curse {unknown}
 z - 2 scrolls of immolation {unknown}
Potions
 e - 2 potions of mutation {unknown}
 g - a potion of magic {unknown}
 m - 2 potions of curing {unknown}
 n - a potion of haste {unknown}
 o - a potion of heal wounds {unknown}
 p - a potion of lignification {unknown}
 r - a potion of invisibility {unknown}
 t - 2 potions of ambrosia {unknown}
Books
 c - a book of Minor Magic

   Spells                             Type                      Level
   a - Magic Dart                     Conjuration                  1
   b - Blink                          Translocation                2
   c - Call Imp                       Summoning                    2
   d - Slow                           Hexes                        2
   e - Conjure Flame                  Conjuration/Fire             3
   f - Mephitic Cloud                 Conjuration/Poison/Air       3
Comestibles
 d - 6 rations
 q - a chunk of flesh


   Skills:
 + Level 1.2 Fighting
 + Level 1.2 Short Blades
 + Level 1.2 Long Blades
 + Level 1.2 Axes
 + Level 1.2 Maces & Flails
 + Level 1.2 Polearms
 + Level 1.2 Staves
 + Level 1.2 Slings
 + Level 1.2 Bows
 + Level 1.2 Crossbows
 + Level 1.2 Throwing
 + Level 1.2 Armour
 + Level 4.7 Dodging
 + Level 4.3 Stealth
 + Level 1.2 Shields
 + Level 1.2 Unarmed Combat
 + Level 7.2 Spellcasting
 + Level 2.3 Conjurations
 + Level 1.0 Hexes
 + Level 1.0 Charms
 + Level 2.3 Summonings
 + Level 1.0 Necromancy
 + Level 2.3 Translocations
 + Level 1.0 Transmutations
 + Level 1.0 Fire Magic
 + Level 1.0 Ice Magic
 + Level 1.0 Air Magic
 + Level 1.0 Earth Magic
 + Level 1.0 Poison Magic
 + Level 1.4 Invocations
 + Level 1.2 Evocations


You had 13 spell levels left.
You knew the following spells:

 Your Spells              Type           Power        Failure   Level  Hunger
a - Magic Dart            Conj           ###.         3%          1    None
b - Blink                 Tloc           N/A          4%          2    None
c - Call Imp              Summ           ###.....     4%          2    None


Dungeon Overview and Level Annotations

Branches:
Dungeon (4/15)
 Temple: D:4-7

Altars:
Dithmenos
Nemelex Xobeh


Innate Abilities, Weirdness & Mutations

Your experience applies equally to all skills.
You have very sharp teeth.
Your uncanny sense of smell can sniff out nearby items.


Message History

Aim: a gnoll shaman, wielding a whip and wearing a robe (heavily wounded, umbra)
The magic dart hits the gnoll shaman.
The gnoll shaman is heavily wounded.
The gnoll shaman closely misses you. The gnoll hits you but does no damage.
Casting: Magic Dart
Confirm with . or Enter, or press ? or * to list all spells.
Aiming: Magic Dart
Press: ? - help, Shift-Dir - straight line, f/p - gnoll shaman
Aim: a gnoll shaman, wielding a whip and wearing a robe (heavily wounded, umbra)
The magic dart hits the gnoll shaman.
The gnoll shaman is heavily wounded.
The gnoll hits you from afar with a spear.
The gnoll shaman hits you with a whip!
* * * LOW HITPOINT WARNING * * *
The gnoll misses you.
There is a stone staircase leading up here.
The gnoll shaman hits you with a whip.
* * * LOW HITPOINT WARNING * * *
The gnoll hits you from afar with a spear.
You die...

#.. #.# #g.
#.# .g. #.#
####.# #.#
#..#g# #.#
#..#.# #.#
#..#.#####.##
#.....g.ggg@#
##.#.#####.##
...#.# #.#
#####.# #.# ∆
.<. #.# ##.
#.# .# #.# ##
#.#


You could see a gnoll shaman and 3 gnolls.

Vanquished Creatures
  A hound (D:4)
  2 adders (D:3)
  2 worms (D:3)
  2 leopard geckos (D:2)
  An orc (D:3)
  2 ball pythons
  2 giant cockroaches (D:1)
  7 goblins
  6 hobgoblins
  6 jackals
  3 quokkas (D:2)
  6 bats
  3 frilled lizards
  9 kobolds
  6 rats
58 creatures vanquished.

Notes
Turn   | Place    | Note
-------+----------+-------------------------------------------
     0 | D:1      | sking99 the Gnoll Wizard began the quest for the Orb.
     0 | D:1      | Reached XP level 1. HP: 13/13 MP: 8/8
   182 | D:1      | Reached XP level 2. HP: 19/19 MP: 8/10
   186 | D:1      | Learned a level 2 spell: Blink
   189 | D:1      | Learned a level 2 spell: Call Imp
  1217 | D:2      | Reached XP level 3. HP: 25/25 MP: 8/11
  1805 | D:2      | Found a faded altar of an unknown god.
  1814 | D:2      | Became a worshipper of Dithmenos the Shadowed
  1814 | D:2      | Reached * piety under Dithmenos
  1848 | D:2      | Reached skill level 1 in Invocations
  2088 | D:3      | Found a sparkling altar of Nemelex Xobeh.
  2150 | D:3      | Reached skill level 1 in Fighting
  2150 | D:3      | Reached skill level 1 in Short Blades
  2150 | D:3      | Reached skill level 1 in Long Blades
  2150 | D:3      | Reached skill level 1 in Axes
  2150 | D:3      | Reached skill level 1 in Maces & Flails
  2150 | D:3      | Reached skill level 1 in Polearms
  2150 | D:3      | Reached skill level 1 in Staves
  2150 | D:3      | Reached skill level 1 in Slings
  2150 | D:3      | Reached skill level 1 in Bows
  2150 | D:3      | Reached skill level 1 in Crossbows
  2150 | D:3      | Reached skill level 1 in Throwing
  2150 | D:3      | Reached skill level 1 in Armour
  2150 | D:3      | Reached skill level 1 in Shields
  2150 | D:3      | Reached skill level 1 in Unarmed Combat
  2150 | D:3      | Reached skill level 1 in Evocations
  2223 | D:3      | Reached XP level 4. HP: 32/32 MP: 4/13
  2979 | D:3      | Reached ** piety under Dithmenos
  3032 | D:4      | Reached skill level 1 in Hexes
  3032 | D:4      | Reached skill level 1 in Charms
  3032 | D:4      | Reached skill level 1 in Necromancy
  3032 | D:4      | Reached skill level 1 in Transmutations
  3032 | D:4      | Reached skill level 1 in Fire Magic
  3032 | D:4      | Reached skill level 1 in Ice Magic
  3032 | D:4      | Reached skill level 1 in Air Magic
  3032 | D:4      | Reached skill level 1 in Earth Magic
  3032 | D:4      | Reached skill level 1 in Poison Magic
  3032 | D:4      | Reached XP level 5. HP: 37/37 MP: 11/14
  3058 | D:4      | HP: 1/37 [gnoll shaman/whip (6)]
  3058 | D:4      | Slain by a gnoll

Skill      XL: |  1  2  3  4 |
---------------+-------------+-----
Conjurations   | 2 |  2.3
Summonings     | 2 |  2.3
Translocations | 2 |  2.3
Invocations    | 1 |  1.4
Fighting       | 1 |  1.2
Short Blades   | 1 |  1.2
Long Blades    | 1 |  1.2
Axes           | 1 |  1.2
Maces & Flails | 1 |  1.2
Polearms       | 1 |  1.2
Staves         | 1 |  1.2
Slings         | 1 |  1.2
Bows           | 1 |  1.2
Crossbows      | 1 |  1.2
Throwing       | 1 |  1.2
Armour         | 1 |  1.2
Shields        | 1 |  1.2
Unarmed Combat | 1 |  1.2
Evocations     | 1 |  1.2
Hexes          | 1 |  1.0
Charms         | 1 |  1.0
Necromancy     | 1 |  1.0
Transmutations | 1 |  1.0
Fire Magic     | 1 |  1.0
Ice Magic      | 1 |  1.0
Air Magic      | 1 |  1.0
Earth Magic    | 1 |  1.0
Poison Magic   | 1 |  1.0
Dodging        | |  4.7
Stealth        | |  4.3
Spellcasting   | |  7.2

Action                   |  1- 3 |  4- 6 || total
-------------------------+-------+-------++-------
Melee: Whip              |     1 |       ||     1
       Dagger            |       |     4 ||     4
       Bite              |       |     1 ||     1
 Cast: Magic Dart        |   104 |    40 ||   144
 Stab: Sleeping          |       |     1 ||     1
  Eat: Chunk             |     4 |     2 ||     6
Armor: Robe              |     5 |     1 ||     6
Dodge: Dodged            |    12 |    11 ||    23
